 Dungeon Sprint DCSS version 0.26-a0-1222-g14533b3512 (webtiles) character file.

Game seed: 6126349183873750977

1045 reriks the Spear-Bearer (level 8, -5/103 HPs)
             Began as a Merfolk Berserker on Dec 31, 2020.
             Was a High Priest of Trog.
             Slain by a hornet (12 damage)
             ... in the Dungeon (Sprint II: "The Violet Keep of Menkaure").
             The game lasted 00:02:41 (1308 turns).

reriks the Spear-Bearer (Merfolk Berserker)         Turns: 1308, Time: 00:02:41

Health: -5/103     AC:  4    Str: 17    XL:     8   Next: 25%
Magic:  8/8        EV: 16    Int:  7    God:    Trog [*****.]
Gold:   154        SH:  7    Dex: 13    Spells: 7/7 levels left

rFire    . . .     SeeInvis .   a - +0 spear
rCold    . . .     Faith    .   i - +0 kite shield {reflect}
rNeg     . . .     Spirit   .   j - +1 leather armour of Pubu {Rampage +Inv +Fly Str-2}
rPois    .         Reflect  +   (no helmet)
rElec    .         Harm     .   (no cloak)
rCorr    .         Rampage  +   (no gloves)
Will     .....     NoTele   +   (no boots)
Stlth    ..........             (no amulet)
HPRegen  0.27/turn              (no ring)
MPRegen  0.11/turn              (no ring)

@: berserking, lethally poisoned (-5 -> -14), very quick
A: change form in water, swift swim, stealthy swim
a: Renounce Religion, Evoke Invisibility, Evoke Flight, Berserk, Trog's Hand,
Brothers in Arms


You were in the Dungeon.
You worshipped Trog.
Trog was extremely pleased with you.
You visited 1 branch You collected 729 gold pieces.
You spent 575 gold pieces at shops.

Inventory:

Hand Weapons
 a - a +0 spear (weapon)
Armour
 b - a +0 animal skin
 i - a +0 kite shield of reflection (worn)
 j - the +1 leather armour of Pubu (worn) {Rampage +Inv +Fly Str-2}
   (You bought it in a shop in the Dungeon)

   It affects your strength (-2).
   It lets you turn invisible.
   It lets you fly.
   It bestows one free step when moving towards enemies.
Scrolls
 h - a scroll of blinking
 k - 2 scrolls of identify
Potions
 c - 2 potions of curing
 d - 2 potions of heal wounds
 e - a potion of haste
 f - 2 potions of magic
 g - a potion of berserk rage


   Skills:
 + Level 8.5 Fighting
 * Level 14.4 Polearms
 + Level 5.7 Armour
 * Level 13.1 Dodging


You had 7 spell levels left.
You didn't know any spells.
Your spell library was empty.

Dungeon Overview and Level Annotations

Branches:
Dungeon (1/1)

Altars:
Cheibriados
Dithmenos
Hepliaklqana
Kikubaaqudgha
Qazlal
Ru
Sif Muna
Trog
Wu Jian
Xom
Beogh
Jiyva
Lugonu

Shops:
D *[:??![=!=}!:(=

Annotations:
D exclusion: oklob plant


Message History

You hit the hornet.
The hornet is lightly wounded.
You feel yourself speed up.
* * * LOW HITPOINT WARNING * * *
You feel sick. The hornet barely misses you. The polar bear bites you.
* * * LOW HITPOINT WARNING * * *
The polar bear closely misses you. The polar bear barely misses you.
You puncture the hornet!
The hornet is moderately wounded.
* * * LOW HITPOINT WARNING * * *
You feel sick. The hornet closely misses you.
You puncture the hornet!
The hornet is severely wounded.
The polar bear barely misses you. You block the polar bear's attack.
The polar bear closely misses you.
You puncture the hornet!
The hornet is almost dead.
* * * LOW HITPOINT WARNING * * *
You feel sick. The hornet stings you!
You die...

## ≈## ###≈≈#++ #++ ##≈≈≈...
... ∩#≈≈≈≈.##+##..
.#≈≈≈≈###.###.####
∩#≈≈≈≈#..#..#....#
.#≈≈####.#.## #..##
.#≈##.###'###.##@.#
.#≈#.#.##.##..B#yh#
.'≈'###†.<.+# #+..### ##.#
.#≈#.#.##.##..$#....###...##▓
##≈##.###'###B##......≈≈≈≈≈≈≈
##≈≈####...####≈≈.....≈#+####
##≈≈≈#.)#..#≈≈≈§≈§≈..≈#.._..
#'#≈##...##≈≈§§§§≈≈.≈#._._.
#)#≈≈##+##≈≈≈≈≈≈§≈§≈≈#_._._


You could see a polar bear and a hornet.

Vanquished Creatures
  A merfolk siren (D)
  2 wyverns (D)
  Menkaure (D)
  A water moccasin (D)
  4 lava snakes (D)
  4 worker ants (D)
  A hell rat (D)
14 creatures vanquished.

Notes
Turn   | Place    | Note
-------+----------+-------------------------------------------
     0 | D        | reriks the Merfolk Berserker began the quest for the Orb.
     0 | D        | Reached XP level 1. HP: 18/18 MP: 1/1
     1 | D        | Noticed a worker ant
     1 | D        | Noticed a worker ant
     1 | D        | Noticed a worker ant
     1 | D        | Noticed a worker ant
     7 | D        | Killed a worker ant
     8 | D        | Reached skill level 6 in Polearms
     8 | D        | Reached skill level 5 in Dodging
     8 | D        | Reached XP level 2. HP: 19/25 MP: 2/2
     8 | D        | Reached XP level 3. HP: 24/30 MP: 3/3
    11 | D        | Reached skill level 7 in Polearms
    12 | D        | Reached ** piety under Trog
    13 | D        | Reached XP level 4. HP: 31/38 MP: 4/4
    16 | D        | Reached skill level 5 in Fighting
    16 | D        | Reached skill level 8 in Polearms
   153 | D        | Noticed a boulder beetle
   153 | D        | Noticed a boulder beetle
   157 | D        | Noticed a wyvern
   157 | D        | Noticed a wyvern
   164 | D        | Killed a wyvern
   165 | D        | Reached skill level 10 in Polearms
   165 | D        | Reached XP level 5. HP: 46/46 MP: 5/5
   165 | D        | Reached XP level 6. HP: 52/52 MP: 6/6
   167 | D        | Killed a wyvern
   167 | D        | Reached *** piety under Trog
   168 | D        | Reached skill level 12 in Polearms
   168 | D        | Reached skill level 10 in Dodging
   211 | D        | Noticed a merfolk siren
   230 | D        | Killed a merfolk siren
   231 | D        | Reached skill level 13 in Polearms
   231 | D        | Reached skill level 5 in Armour
   231 | D        | Reached XP level 7. HP: 61/61 MP: 7/7
   286 | D        | Found Nint's Gadget Emporium.
   286 | D        | Found Dagoitaf's Book Emporium.
   286 | D        | Found Naog Bul's Jewellery Shoppe.
   286 | D        | Found Yzotzaq's Jewellery Emporium.
   286 | D        | Found Baifebac's Jewellery Shoppe.
   286 | D        | Found Lavvuq's Distillery.
   286 | D        | Found Ocey's Antique Weapon Shoppe.
   287 | D        | Found Koinwimp's Distillery.
   287 | D        | Found Inlacsath's Antique Armour Shoppe.
   288 | D        | Found Ikhebr Iqibb's Distillery.
   290 | D        | Found Hier's Magic Scroll Emporium.
   290 | D        | Found Sotaor's Magic Scroll Shoppe.
   290 | D        | Noticed Menkaure
   290 | D        | Noticed an oklob plant
   311 | D        | Killed Menkaure
   357 | D        | Reached **** piety under Trog
   358 | D        | Reached skill level 14 in Polearms
   358 | D        | Reached XP level 8. HP: 48/68 MP: 8/8
   682 | D        | Found Fisch's Antique Armour Shoppe.
   682 | D        | Found Bugaj's Assorted Antiques.
   682 | D        | Found Kuiq's Book Shoppe.
   686 | D        | Noticed a cane toad
   690 | D        | Bought a shiny kite shield for 225 gold pieces
   690 | D        | Bought a jade-encrusted leather armour for 210 gold pieces
   705 | D        | Identified the +1 leather armour of Pubu {Rampage +Inv +Fly
                  | Str-2} (You bought it in a shop in the Dungeon)
   710 | D        | Bought a scroll of identify for 26 gold pieces
   710 | D        | Bought a scroll of identify for 26 gold pieces
   711 | D        | Bought a potion of curing for 33 gold pieces
   711 | D        | Bought a potion of heal wounds for 55 gold pieces
  1239 | D        | Reached ***** piety under Trog
  1286 | D        | Found a stormy altar of Qazlal.
  1286 | D        | Found an ornate altar of the Wu Jian Council.
  1287 | D        | Found a hazy altar of Hepliaklqana.
  1287 | D        | Found a sacrificial altar of Ru.
  1287 | D        | Found a shimmering altar of Xom.
  1288 | D        | Found a roughly hewn altar of Beogh.
  1288 | D        | Found a viscous altar of Jiyva.
  1288 | D        | Found a shimmering blue altar of Sif Muna.
  1289 | D        | Found a snail-covered altar of Cheibriados.
  1289 | D        | Found an ancient bone altar of Kikubaaqudgha.
  1289 | D        | Found a bloodstained altar of Trog.
  1290 | D        | Found a shadowy altar of Dithmenos.
  1290 | D        | Found a corrupted altar of Lugonu.
  1291 | D        | Noticed a polar bear
  1292 | D        | Noticed a hornet
  1301 | D        | Paralysed by a hornet for 3 turns
  1308 | D        | Slain by a hornet

Illustrated notes

Levels and vault maps discovered:
D:        the_violet_keep_of_menkaure [sprint2_stairs_cluster_1,
          sprint2_shoproom, sprint2_temple, sprint2_basic_supplies,
          sprint2_obstacle_5, sprint2_obstacle_1, sprint2_obstacle_2,
          sprint2_obstacle_3, sprint2_obstacle_7, sprint2_timed_cluster_1,
          sprint2_smallroom_cluster_1, sprint2_smallroom_final_cluster_1,
          sprint2_transparent_cluster_1, sprint2_second_timed_cluster_1,
          sprint2_sniper_area_1, sprint2_heavy_combat_area_1,
          sprint2_mutation_trap_area_1, sprint2_forest_area_1,
          sprint2_light_combat_area_1, sprint2_behind_water_1,
          sprint2_near_end_vault_1]

Skill      XL: |  1  2  3  4  5  6  7  8 |
---------------+-------------------------+-----
Fighting       | 4 6 7 8 |  8.5
Polearms       | 6 7 10 13 14 | 14.4
Armour         | 2 3 5 |  5.7
Dodging        | 5 6 9 12 13 | 13.1

Action                   |  1- 3 |  4- 6 |  7- 9 || total
-------------------------+-------+-------+-------++-------
Melee: Spear             |    10 |    30 |    45 ||    85
       Tailslap          |       |       |     1 ||     1
Invok: Berserk           |     1 |     1 |     7 ||     9
Armor: Leather armour    |       |       |     3 ||     3
Dodge: Dodged            |     2 |     4 |    17 ||    23
Block: Kite shield       |       |       |     3 ||     3

Table legend: (Time is in decaauts)
 A = Elapsed time spent in this place.
 B = Non-inter-level travel time spent in this place.
 C = Inter-level travel time spent in this place.
 D = Time resting spent in this place.
 E = Time spent auto-exploring this place.
 F = Levels seen in this place.
 G = Mean time per level.
                   A        B        C        D        E       F      G
               +--------+--------+--------+--------+--------+-----+--------+
         Total |   1327 |   1327 |      0 |   1136 |     13 |   1 | 1327.0 |
       Dungeon |   1327 |   1327 |      0 |   1136 |     13 |   1 | 1327.0 |
               +--------+--------+--------+--------+--------+-----+--------+

Top non-repeatable levels by time:
       D: 1327 daAuts
